 Dungeon Crawl Stone Soup version 0.28.0 (webtiles) character file.

Game seed: 4753717296650786732

15 fragbeetle the Chopper (level 2, 0/26 HPs)
             Began as a Hill Orc Fighter on Feb 10, 2022.
             Slain by Sigmund (9 damage)
             ... on level 2 of the Dungeon.
             The game lasted 00:00:43 (756 turns).

fragbeetle the Chopper (Hill Orc Fighter)            Turns: 756, Time: 00:00:43

Health: 0/26       AC:  6    Str: 18    XL:     2   Next: 50%
Magic:  2/2        EV:  9    Int:  8    God:
Gold:   43         SH:  4    Dex: 10    Spells: 1/1 levels left

rFire   . . .      SeeInvis .   a - +0 war axe
rCold   . . .      Faith    .   c - +0 buckler
rNeg    . . .      Spirit   .   b - +0 scale mail
rPois   .          Reflect  .   (no helmet)
rElec   .          Harm     .   (no cloak)
rCorr   .          Rampage  .   (no gloves)
Will    +....                   (no boots)
Stlth   ..........              (no amulet)
HPRegen 0.08/turn               f - ring of willpower
MPRegen 0.08/turn               (no ring)

@: no status effects
A: no striking features
a: no special abilities


You were on level 2 of the Dungeon.
You visited 1 branch of the dungeon, and saw 2 of its levels.

You collected 43 gold pieces.

Inventory:

Hand Weapons
 a - a +0 war axe (weapon)
 h - a +1 dagger of electrocution
Armour
 b - a +0 scale mail (worn)
 c - a +0 buckler (worn)
Jewellery
 f - a ring of willpower (left hand)
Scrolls
 i - a scroll of identify {unknown}
Potions
 d - a potion of might
 e - a potion of flight {unknown}
 g - a potion of heal wounds {unknown}


   Skills:
 - Level 3.6 Fighting
 * Level 4.1 Axes
 - Level 3.2 Armour
 - Level 3.2 Shields


You had one spell level left.
You didn't know any spells.
Your spell library was empty.

Dungeon Overview and Level Annotations

Branches:
Dungeon (2/15)

Altars:
Nemelex Xobeh

Annotations:
D:1 dig
D:2 Sigmund


Message History

No target in view!
Things that are here:
a +0 dagger; 2 stones; a kobold corpse You see here a +0 hand axe.
Found a ring mail.
You see here a +0 ring mail.
As you open the door, it creaks loudly!
You open the door. You open the door.
There is an open door here.
You open the door.
There is an open door here.
Found a hand axe.
You see here a +0 hand axe.
Found a stone staircase leading down.
There is a stone staircase leading down here.
Done exploring.
Done exploring.
Done exploring.
Done exploring.
(D) Dungeon
Where to? (? - help)
What level of the Dungeon? (default 1, ? - help)
There is a stone staircase leading down here.
You climb downwards.
Sigmund shouts!
Found a mace, 15 stones, a robe, 19 gold pieces and 17 arrows.
Found a sparkling altar of Nemelex Xobeh.
There is a stone staircase leading up here.
Sigmund is nearby!
You closely miss Sigmund.
Sigmund gestures wildly while chanting.
Sigmund flickers and vanishes!
Deactivating autopickup; reactivate with Ctrl-A.
You closely miss something. Something hits you!
Ouch! That really hurt!
You barely miss something. You block something's attack.
You barely miss something. Something hits you but does no damage.
You miss something. Something hits you!
You die...

#. _.. #. ...
....$ #.#.#
##.#.## #
#.#.....###.(.
#...........#
#..{@.#
##.#.## # #.#
#.# #.# #[#
(.. #.#


There were no monsters in sight!

Vanquished Creatures
  An endoplasm (D:1)
  2 goblins (D:1)
  A hobgoblin (D:1)
  4 jackals (D:1)
  A quokka (D:1)
  A ball python (D:1)
  A bat (D:1)
  A kobold (D:1)
  A rat (D:1)
13 creatures vanquished.

Vanquished Creatures (others)
  3 plants (D:1)
3 creatures vanquished.

Grand Total: 16 creatures vanquished

Notes
Turn   | Place    | Note
-------+----------+-------------------------------------------
     0 | D:1      | fragbeetle the Hill Orc Fighter began the quest for the
                  | Orb.
     0 | D:1      | Reached XP level 1. HP: 19/19 MP: 1/1
    21 | D:1      | Reached skill level 3 in Axes
   180 | D:1      | Reached XP level 2. HP: 26/26 MP: 2/2
   192 | D:1      | Found a faded altar of an unknown god.
   300 | D:1      | Reached skill level 4 in Axes
   751 | D:2      | Noticed Sigmund
   751 | D:2      | Found a sparkling altar of Nemelex Xobeh.
   756 | D:2      | Slain by Sigmund

Illustrated notes

Levels and vault maps discovered:
D:1:      minmay_arrival_plants_in_alcoves, layout_basic,
          ebering_ecumenical_altar_box, due_unseen_surprise
D:2:      layout_loops_ring, basic_altar, uniq_terence, uniq_sigmund,
          uniq_crazy_yiuf_cottage, uniq_robin

Skill      XL: |  1  2 |
---------------+-------+-----
Axes           | 3 4 |  4.1
Fighting       | |  3.6
Armour         | |  3.2
Shields        | |  3.2

Action                   || total
-------------------------++-------
Melee: War axe           ||    25
Armor: Scale mail        ||    12
Dodge: Dodged            ||    17
Block: Buckler           ||     9
